 Dungeon Crawl Stone Soup version 0.30-a0-377-g5cb311bc9f (webtiles) character file.

Game seed: 714658844105137772

2 Caramio the Trooper (level 1, 14/14 HPs)
             Began as a Gargoyle Berserker on Nov 27, 2022.
             Was a Follower of Trog.
             Quit the game on level 1 of the Dungeon.
             The game lasted 00:02:24 (33 turns).

Caramio the Trooper (Gargoyle Berserker)              Turns: 33, Time: 00:02:25

Health: 14/14      AC:  4    Str: 20    XL:     1   Next: 40%
Magic:  1/1        EV: 11    Int:  7    God:    Trog [*.....]
Gold:   0          SH:  0    Dex:  9    Spells: 0/0 levels left

rFire   . . .      SeeInvis .    a - +0 hand axe
rCold   . . .      Faith    .    (no shield)
rNeg    + . .      Spirit   .    b - +0 animal skin
rPois   inf        Reflect  .    (no helmet)
rElec   +          Harm     .    (no cloak)
rCorr   .          Rampage  .    (no gloves)
Will    .....                    (no boots)
Stlth   +.........               (no amulet)
HPRegen 0.22/turn                (no ring)
MPRegen 0.07/turn                (no ring)

@: no status effects
A: sickness immunity, AC +2, negative energy resistance 1, electricity
resistance, torment resistance 1, petrification resistance
a: Renounce Religion, Berserk


You were on level 1 of the Dungeon.
You worshipped Trog.
Trog was aware of your devotion.
You visited 1 branch of the dungeon, and saw 1 of its levels.


Innate Abilities, Weirdness & Mutations

You are immune to sickness and miasma.
Your stone body is resilient. (AC +2)
You are immune to poison.
You resist negative energy. (rN+)
You are resistant to electric shocks. (rElec)
You are resistant to unholy torment.
You are immune to petrification.


   Skills:
 + Level 3.3 Fighting
 + Level 2.7 Axes
 + Level 2.2 Armour
 + Level 1.6 Dodging


You couldn't memorise any spells.
You didn't know any spells.
Your spell library was empty.

Inventory:

Hand Weapons
 a - a +0 hand axe (weapon)
Armour
 b - a +0 animal skin (worn)

Dungeon Overview and Level Annotations

Branches:
Dungeon (1/15)

Altars:


Message History

t - Shout!
Orders for allies: a - Attack new target. r - Retreat! s - Stop attacking. g - Guard the area. f - Follow me.
Anything else - Cancel.
Okay, then.
You open the door.
There is an open door here.
Found 12 gold pieces.
A rat comes into view.
The rat twitches its whiskers.
A hobgoblin and a bat come into view.
The bat closely misses you.
You hit the rat.
The rat is moderately wounded.
You hit the bat.
You kill the bat!
Trog accepts your kill.
The hobgoblin shouts!
The rat bites you but does no damage.
You hit the rat.
You kill the rat!
Trog accepts your kill.
Found 2 stones.
You see here a bat corpse.
You barely miss the hobgoblin. The hobgoblin misses you.
You closely miss the hobgoblin. The hobgoblin misses you.
You hit the hobgoblin but do no damage. The hobgoblin barely misses you.
You hit the hobgoblin.
The hobgoblin is heavily wounded.
The hobgoblin hits you.
You hit the hobgoblin.
You kill the hobgoblin!
Trog accepts your kill.
No target in view!
No target in view!
Found a murky brown potion.
Found a glowing cyan potion and a sedimented brown potion.
You see here 12 gold pieces.
Are you sure you want to abandon this character and quit the game? (Confirm with "yes".)

.......... .#!#.......
...#..!....#
#.#.#.#....#
...........######
#.......#.(.....#
................#
#.#.....#.#.....#
.......@.#..%...###
#.#.#...#.#%#......
..........#.......
#.#.#.#.#.#.#.#....
.!.............###
#....#####.###.....
####.......#####+#####
#######.#.........#
#.#$........#


There were no monsters in sight!

Vanquished Creatures
  A hobgoblin (D:1)
  A bat (D:1)
  A rat (D:1)
3 creatures vanquished.

Notes
Turn   | Place    | Note
-------+----------+-------------------------------------------
     0 | D:1      | Caramio the Gargoyle Berserker began the quest for the Orb.
     0 | D:1      | Reached XP level 1. HP: 14/14 MP: 1/1
    33 | D:1      | Quit the game

Levels and vault maps discovered:
D:1:      mushboom_english_gardens, layout_basic, serial_shops,
          nicolae_shop_bloodbath_and_beyond, hangedman_decor_riveting,
          fountainhead

Action                   || total
-------------------------++-------
Melee: Hand axe          ||     7
Armor: Animal skin       ||     1
Dodge: Dodged            ||     4

Table legend:
 A = Non-vault XP
 B = Vault XP
 C = Vault XP percentage of total XP
 D = Non-vault monster count
 E = Vault monster count
 F = Vault count percentage of total count
                 A         B        C        D         E       F
            +---------+---------+-------+---------+---------+-------
      Total |       4 |       0 |   0.0 |       3 |       0 |   0.0
            +---------+---------+-------+---------+---------+-------
        D:1 |       4 |       0 |   0.0 |       3 |       0 |   0.0
            +---------+---------+-------+---------+---------+-------
